[Event "*** Titled Tuesday Blitz"]
[Site "Chess.com"]
[Date "2019.03.05"]
[Round "6"]
[White "tteshan"]
[Black "vgyogi"]
[Result "1-0"]
[WhiteElo "2217"]
[BlackElo "2132"]
[TimeControl "180+2"]
[EndTime "14:26:46 PST"]
[Termination "tteshan won on time"]

1. e4 c5 2. c3 d5 3. exd5 Qxd5 4. d4 g6 5. Be3 cxd4 6. cxd4 Nc6 7. Nc3 Qd8 8. Nf3 Bg7 9. d5 Nb8 10. Bc4 Nf6 11.
O-O O-O 12. Re1 Nbd7 13. Bb3 a6 14. Qe2 b5 15. a3 Bb7 16. Rad1 Rc8 17. h3 h6 18. d6 exd6 19. Rxd6 Qe7 20. Red1 Nc5 21. Bc2 Ne6 22. Bb1 Rfd8 23. Rxd8+ Rxd8 24. Rc1 Nc7 25. a4 b4 26. Nd1 Ncd5 27. Kf1 a5 28. Bc5 Qd7 29.
Ne3 Re8 30. Qc4 Nxe3+ 31. Bxe3 Qd6 32. Qd4 Ba6+ 33. Kg1 Qb8 34. Rc6 Nh5 35. Rxa6 Bxd4 36. Nxd4 Qc8 37. Rc6 Qd7 38. Ba2 Kg7 39. Bc4 Nf6 40.
b3 Ne4 41. Ra6 Nc3 42. Rxa5 Nd1 43. Rd5 Qb7 44. Nf5+ gxf5 45. Rxd1 Qe4 46. Rd4 Qe5 47. Rd7 f4 48. Bd4 1-0

[Event "*** Titled Tuesday Blitz"]
[Site "Chess.com"]
[Date "2019.03.05"]
[Round "6"]
[White "politeplayer"]
[Black "SamCopeland"]
[Result "1/2-1/2"]
[WhiteElo "2084"]
[BlackElo "2047"]
[TimeControl "180+2"]
[EndTime "14:26:48 PST"]
[Termination "Game drawn by agreement"]

1. e4 Nf6 2. e5 Nd5 3. d4 d6 4. exd6 exd6 5. Nf3 Be7 6. c4 Nb6 7. Bd3 O-O 8. h3 Bf6 9. O-O Nc6 10. Be3 d5 11. c5 Nc4 12. Qc2 Nxe3 13. Bxh7+ Kh8 14.
fxe3 g6 15. Bxg6 fxg6 16. Qxg6 Qe7 17. Qh6+ Kg8 18. Nc3 Be6 19. Rf2 Qg7 20. Qh5 Ne7 21.
Raf1 Qg6 22. Qxg6+ Nxg6 23. Nb5 Rf7 24. Nd2 Bg5 25. Rxf7 Bxf7 26. Rf3 Bd8 27. Rg3 a6 28. Nc3 Bf6 29. Nxd5 Bxd5 30. Rxg6+ Kf7 31. Rg4 Bxa2 32. Rf4 Re8 33. Ne4 Rxe4 34. Rxe4 Bd5 35. Rf4 Ke6 36. Kf2 b6 37. b4 a5 38. cxb6 cxb6 39. bxa5 bxa5 40.
Ke2 a4 41. g4 a3 42. Kd2 a2 43.
Rf1 Be4 44. Ra1 Bb1 45. Kc3 Kd5 46. Kb2 Ke4 47. Rxb1 axb1=Q+ 48. Kxb1 Kxe3 49. d5 Kd4 50. d6 1/2-1/2

[Event "*** Titled Tuesday Blitz"]
[Site "Chess.com"]
[Date "2019.03.05"]
[Round "6"]
[White "FMJoseHerrera"]
[Black "severomorskij"]
[Result "0-1"]
[WhiteElo "2514"]
[BlackElo "2708"]
[TimeControl "180+2"]
[EndTime "14:27:00 PST"]
[Termination "severomorskij won on time"]

1. Nf3 Nf6 2. g3 d5 3. Bg2 c5 4.
O-O e6 5. d3 Nc6 6. c3 g6 7. a3 Bg7 8. b4 Nd7 9. Bg5 Qc7 10. e4 O-O 11. exd5 exd5 12. Bf4 Qb6 13. Nbd2 Bxc3 14. Rc1 cxb4 15. axb4 Qxb4 16. Rb1 Qe7 17. Qb3 Bg7 18. Qxd5 Nb6 19. Qa2 Be6 20. Nc4 Rfd8 21.
Bg5 Bf6 22. Bh6 Rxd3 23. Rxb6 Qc5 24. Rxb7 Bxc4 25. Qb1 Rad8 26. Rc7 Rb3 27. Qc1 Qb5 28.
Re1 Nd4 29. Qf4 Ne2+ 30. Rxe2 Bxe2 31. h4 Qb6 32. Rc1 Bxf3 33. Qxf3 Rxf3 34. Bxf3 Re8 35. Kg2 Bg7 36. Bg5 Rf8 37. h5 h6 38. Be3 Qf6 39.
hxg6 fxg6 40. Bd5+ Kh8 41. Rc7 a5 42. Ra7 Qc3 43.
Be4 Qe5 44. Bxg6 Qd5+ 45. Kh3 Bd4 46. Bxh6 Qh1+ 47. Kg4 Qxh6 48. Rh7+ Qxh7 49. Bxh7 Kxh7 50. f4 a4 0-1

[Event "*** Titled Tuesday Blitz"]
[Site "Chess.com"]
[Date "2019.03.05"]
[Round "6"]
[White "PowerThinking2650"]
[Black "Tiqr777"]
[Result "1/2-1/2"]
[WhiteElo "2330"]
[BlackElo "2482"]
[TimeControl "180+2"]
[EndTime "14:27:00 PST"]
[Termination "Game drawn - insufficient material"]

1. e4 e5 2. Nf3 Nc6 3. Nc3 Nf6 4. d4 exd4 5. Nxd4 Bb4 6. Nxc6 bxc6 7. Bd3 d5 8. exd5 cxd5 9. O-O O-O 10. Bg5 c6 11. Qf3 h6 12. Bxf6 Qxf6 13. Qxf6 gxf6 14. Ne2 Bd6 15. Ng3 Be6 16. c3 Rab8 17. b4 c5 18. a3 c4 19. Be2 a5 20. f4 axb4 21. axb4 d4 22. cxd4 Bxb4 23. Nh5 Bc3 24. Nxf6+ Kg7 25. Nh5+ Kh8 26. Rad1 Rfd8 27. f5 Bd5 28. Kh1 Rb2 29. Nf4 Be4 30. Bxc4 Rxd4 31. Rxd4 Bxd4 32. Bxf7 Bxf5 33.
Bg6 Bc8 34. Be4 Rf2 35. Rxf2 Bxf2 36. g3 Bc5 37. Kg2 Kg7 38. Kf3 Kf6 39. h4 Bd6 40.
Nh5+ Ke5 41. Nf4 Kf6 42. Ng2 Bd7 43. Ne3 Be6 44. Bd5 Bd7 45. Nf1 Ba4 46. Nd2 Bd1+ 47. Kf2 Bc5+ 48. Kg2 Ke5 49. Bf3 Bc2 50. Nc4+ Kf6 51.
Nd2 Be3 52. Ne4+ Bxe4 53. Bxe4 Bc1 54. Kf3 Bd2 55. g4 Be1 56. g5+ hxg5 57. hxg5+ Kxg5 58. Ke2 Kf4 59. Kxe1 1/2-1/2

[Event "*** Titled Tuesday Blitz"]
[Site "Chess.com"]
[Date "2019.03.05"]
[Round "6"]
[White "TBergh98"]
[Black "b_6"]
[Result "0-1"]
[WhiteElo "2373"]
[BlackElo "2435"]
[TimeControl "180+2"]
[EndTime "14:27:01 PST"]
[Termination "b_6 won by resignation"]

1. d4 d5 2. Nf3 Nf6 3. Bf4 e6 4. e3 c5 5. c3 Bd6 6. Bg3 O-O 7. Nbd2 Qc7 8. Bd3 Nbd7 9. O-O b6 10. e4 dxe4 11. Nxe4 Bxg3 12. Nxg3 Bb7 13. Rc1 Rad8 14. Bb1 e5 15. Ng5 h6 16. Nf3 Rfe8 17. Qb3 Bxf3 18. gxf3 Qd6 19. dxc5 Nxc5 20. Qc2 Qd3 21. Qe2 Qxe2 22. Nxe2 Nd3 23. Rc2 Nh5 24. Ng3 Ndf4 25. Re1 f6 26. a4 Kh8 27. b4 Rd7 28. c4 Red8 29. Rcc1 Rd2 30. Ne4 Nh3+ 31. Kg2 N5f4+ 32. Kg3 Rb2 33. Red1 Rc8 34. c5 Ng5 35. Nxg5 hxg5 36. Kg4 bxc5 37. Rxc5 Rf8 38. Rc4 g6 39. Kg3 Rf7 40.
h4 gxh4+ 41. Kg4 Kg7 42. b5 Rxf2 43. Rg1 f5+ 44. Kxh4 Kf6 45. Rc6+ Ne6 46. Rxg6+ Kxg6 47. Rxe6+ Rf6 48. Rxe5 Rf1 49. Bd3 Rd1 50. Rd5 Kh6 51.
a5 Rg6 52. Bxf5 Rxd5 53. Bxg6 Kxg6 54. b6 axb6 55. a6 Ra5 56. a7 Rxa7 0-1

[Event "*** Titled Tuesday Blitz"]
[Site "Chess.com"]
[Date "2019.03.05"]
[Round "6"]
[White "gmjlh"]
[Black "Al_Shima"]
[Result "1-0"]
[WhiteElo "2710"]
[BlackElo "2446"]
[TimeControl "180+2"]
[EndTime "14:27:01 PST"]
[Termination "gmjlh won by checkmate"]

1. e4 d5 2. exd5 Nf6 3. Bb5+ Bd7 4. Bxd7+ Qxd7 5. Nf3 Nxd5 6. O-O e6 7. Ne5 Qc8 8. d4 Be7 9. c4 Nf6 10. Nc3 O-O 11.
Be3 Rd8 12. Qf3 Nbd7 13. Rfd1 Nxe5 14. dxe5 Nd7 15. Qg3 Nf8 16. h4 Rxd1+ 17. Rxd1 Qe8 18. h5 Rd8 19. Qf3 Rxd1+ 20. Qxd1 Qc6 21. b3 a6 22. Qg4 Nd7 23. f4 h6 24. Kf2 Bc5 25. Qf3 Qxf3+ 26. Kxf3 Bxe3 27. Kxe3 Kf8 28. Ne4 Ke7 29. g4 f6 30. Kd4 b6 31. b4 Nb8 32. exf6+ gxf6 33. g5 e5+ 34. Kd3 fxg5 35. fxg5 hxg5 36. h6 Kf7 37.
Nxg5+ Kg6 38. h7 Kg7 39. Ke4 Nc6 40. a3 Nd4 41. Kxe5 Nc2 42. Ne6+ Kxh7 43. Nxc7 Nxa3 44. Kd4 a5 45. b5 Nc2+ 46. Kc3 Ne3 47. Na8 a4 48. Nxb6 a3 49. Kb3 Kg6 50. Kxa3 Kf6 51. Nd5+ Nxd5 52. cxd5 Ke5 53. b6 Kd6 54. Kb4 Kd7 55.
Kc5 Kc8 56. d6 Kb7 57. d7 Ka6 58. d8=Q Kb7 59. Qc7+ Ka6 60. Qa7# 1-0

[Event "*** Titled Tuesday Blitz"]
[Site "Chess.com"]
[Date "2019.03.05"]
[Round "6"]
[White "mlchen"]
[Black "marianokar"]
[Result "0-1"]
[WhiteElo "2420"]
[BlackElo "2440"]
[TimeControl "180+2"]
[EndTime "14:27:01 PST"]
[Termination "marianokar won by resignation"]

1. e4 c5 2. c3 g6 3. d4 cxd4 4. cxd4 d5 5. e5 Nh6 6. Nf3 Nc6 7. Bb5 Bg4 8. Bxc6+ bxc6 9. O-O Nf5 10. Be3 Nxe3 11. fxe3 Bh6 12. Qd3 O-O 13. Nbd2 Qb6 14. Nb3 a5 15. Rf2 Rab8 16. Nc5 Bf5 17. Qe2 f6 18. e6 Rbd8 19. Nh4 Be4 20. Re1 f5 21. Nf3 Qc7 22. Ne5 Rd6 23. Nf7 Rxf7 24. exf7+ Kxf7 25. Nxe4 dxe4 26. Qc4+ Kg7 27. Rc2 Qb7 28. Qc5 a4 29. Qc4 Qa7 30. Qc5 Qa6 31. Rc4 Bg5 32. Rb4 a3 33. Rb6 Qd3 34. Qxa3 Qd2 35. Qc3 Qxc3 36.
bxc3 Rd5 37. Kf2 Ra5 38. Ra1 Ra3 39. Rb3 Ra4 40. a3 Kf6 41. Rb4 Ra5 42. a4 Ke6 43. c4 Kd6 44. Ke2 e5 45. Rb7 exd4 46. exd4 Bf6 47.
Rxh7 Bxd4 48. Rh6 Bxa1 49. Rxg6+ Kc5 50. h4 Rxa4 51. h5 Bd4 52. h6 Ra2+ 53. Ke1 Kxc4 54.
Rxc6+ Kd3 55. Rc1 Rxg2 56. Rd1+ Ke3 57. Kf1 Rh2 58. Re1+ Kf3 0-1

[Event "*** Titled Tuesday Blitz"]
[Site "Chess.com"]
[Date "2019.03.05"]
[Round "6"]
[White "LukasHandler"]
[Black "BIG_Pirate"]
[Result "0-1"]
[WhiteElo "2352"]
[BlackElo "2378"]
[TimeControl "180+2"]
[EndTime "14:27:01 PST"]
[Termination "BIG_Pirate won by resignation"]

1. d4 d5 2. c4 c6 3. Nf3 Nf6 4.
e3 e6 5. Nc3 Nbd7 6. Qc2 Bd6 7. g4 Nxg4 8. Rg1 Nxh2 9. Nxh2 Bxh2 10. Rxg7 Nf8 11. Rg2 Bd6 12. Bd2 dxc4 13. Bxc4 e5 14.
dxe5 Bxe5 15. O-O-O Be6 16. Be2 Qc7 17. f4 Bd6 18. f5 Bd7 19. Ne4 Be5 20. Bc3 O-O-O 21. Nd6+ Bxd6 22. Bxh8 Be5 23. Bxe5 Qxe5 24. e4 h6 25. Bc4 Nh7 26. Rgd2 Ng5 27. Rd4 Nf3 28. Rd6 Ng5 29. R6d4 Nf3 30. R4d3 Qxe4 31. Bxf7 Qxf5 32. Bb3 Ne5 33. R3d2 Qxc2+ 34. Bxc2 Rf8 35. Rd6 h5 36. Re1 Nc4 37. Rh6 Bg4 38. b3 Na3 39. Bg6 Kc7 40. Bxh5 Bxh5 41. Rxh5 Rf7 42. Rh2 Nb5 43. Kb2 a5 44. Rd2 Kb6 45. Rde2 Rd7 46. Re4 Rf7 47. R4e2 Rd7 48. Rc1 Rf7 49. Rd2 Rg7 50. a4 Nc7 51.
Rcd1 Na6 52. Ka3 Nb4 53. Re2 Rf7 54. Re3 Rf2 0-1

[Event "*** Titled Tuesday Blitz"]
[Site "Chess.com"]
[Date "2019.03.05"]
[Round "6"]
[White "GM_dmitrij"]
[Black "BlueWizzard"]
[Result "1-0"]
[WhiteElo "2871"]
[BlackElo "2680"]
[TimeControl "180+2"]
[EndTime "14:27:05 PST"]
[Termination "GM_dmitrij won by resignation"]

1. e4 c5 2. Nf3 g6 3. d4 cxd4 4. Nxd4 Nf6 5. Nc3 d6 6. Be3 Bg7 7. f3 Nbd7 8. Qd2 a6 9. a4 h5 10.
Be2 b6 11. Nd5 Bb7 12. c4 Nc5 13. O-O e5 14. Nxf6+ Bxf6 15. Nc2 Nb3 16. Qb4 Nxa1 17. Rxa1 O-O 18. a5 b5 19. cxb5 d5 20. exd5 Qxd5 21. Rd1 Qe6 22. Rd6 Qe7 23. Bc5 Rfc8 24. bxa6 Rxc5 25.
axb7 Rac8 26. bxc8=Q+ Rxc8 27. Ne3 Bg7 28. Bc4 Kh7 29. Rb6 Qg5 30. Nf1 e4 31. Bxf7 exf3 32. Rxg6 f2+ 33. Kxf2 Qf5+ 34. Kg1 Rc1 35. Rxg7+ Kxg7 36.
Bc4 Qf4 37. Qb7+ Kh6 38. Qc6+ Kg5 39. Qd5+ Kh6 40. Bd3 Qe3+ 41. Kh1 Qe7 42. Qf5 Rc6 43. a6 Rf6 44. Qh3 Qe1 45. g3 Qd1 46. Bc4 Qf3+ 47. Qg2 Qg4 48. Be2 Qa4 49. h3 h4 50. gxh4 Qf4 51. a7 Rg6 52. Qxg6+ Kxg6 53. a8=Q Qf2 54. Qg2+ Kh6 55. Qxf2 1-0

[Event "*** Titled Tuesday Blitz"]
[Site "Chess.com"]
[Date "2019.03.05"]
[Round "6"]
[White "RiskyDecision"]
[Black "Jenia84"]
[Result "1-0"]
[WhiteElo "2445"]
[BlackElo "2185"]
[TimeControl "180+2"]
[EndTime "14:27:05 PST"]
[Termination "RiskyDecision won by resignation"]

1. d4 Nf6 2. c4 e6 3. g3 Bb4+ 4. Bd2 Be7 5. Bg2 O-O 6. Nf3 d5 7. O-O Ne4 8. Qc2 c6 9. Nc3 f5 10. Bf4 Nd7 11. Ne5 Nxe5 12. Bxe5 b6 13. b3 Ba6 14. Nxe4 fxe4 15. f3 exf3 16. exf3 c5 17. dxc5 Bxc5+ 18. Kh1 Rc8 19. f4 dxc4 20. bxc4 Qe7 21.
Be4 Bd6 22. Bxh7+ Kh8 23. Bd3 Bxe5 24. fxe5 Qg5 25. Qe2 Bb7+ 26. Kg1 Rcd8 27. a4 Qh6 28. h4 g6 29. Kh2 g5 30. Qe3 Rg8 31. Rf6 Qh5 32.
Be2 Qh7 33. Raf1 Rg6 34. Rf7 Rg7 35. Rxg7 Qxg7 36. Rf2 gxh4 37. gxh4 Rf8 38. Rxf8+ Qxf8 39. Qg3 Qh6 40. Qg5 Qxg5 41. hxg5 Bc6 42. Bd1 Kg7 43.
Kg3 Kg6 44. Kf4 a6 45. Bc2+ Kg7 46. Ke3 Bd7 47. Kd4 Bc6 48. c5 b5 49. axb5 axb5 50. Be4 Bd7 51. c6 Bxc6 52. Bxc6 Kg6 53. Bxb5 Kxg5 54. Bd7 Kf5 55. Bc8 1-0

[Event "*** Titled Tuesday Blitz"]
[Site "Chess.com"]
[Date "2019.03.05"]
[Round "6"]
[White "checkmatequen"]
[Black "STAYFlow"]
[Result "1-0"]
[WhiteElo "2127"]
[BlackElo "2219"]
[TimeControl "180+2"]
[EndTime "14:27:08 PST"]
[Termination "checkmatequen won by resignation"]

1. e4 e5 2. Nf3 Nc6 3. Bb5 a6 4. Ba4 Nf6 5. d3 d6 6. c3 g6 7.
O-O Bg7 8. Nbd2 O-O 9. Re1 Re8 10.
Nf1 b5 11. Bb3 a5 12. a4 b4 13. Bg5 h6 14. Bd2 Ba6 15. Bc2 d5 16. Ng3 dxe4 17.
dxe4 Qe7 18. Qc1 Kh7 19. cxb4 Nxb4 20. Bxb4 axb4 21. Bb3 c5 22. Bc4 Bb7 23. b3 Red8 24. Qc2 Ne8 25. Rad1 Nc7 26. h4 Ne6 27. h5 Nd4 28.
Nxd4 Rxd4 29. hxg6+ fxg6 30. Bd5 Rc8 31. Ne2 Rxd1 32.
Rxd1 Rd8 33. Qc4 Qf6 34. Qxc5 Ba6 35. Ng3 h5 36. Qxb4 h4 37. Nf1 Be2 38. Rc1 Qg5 39. Qd2 Qg4 40. Qe3 h3 41. Qxh3+ Qxh3 42. gxh3 Bh6 43.
Rc7+ Kh8 44. Ng3 Bf3 45. b4 Bf4 46. b5 Rd6 47. a5 Bd2 48. a6 Ba5 49. a7 Rd8 50.
Rb7 Bb4 51. Rb8 1-0

[Event "*** Titled Tuesday Blitz"]
[Site "Chess.com"]
[Date "2019.03.05"]
[Round "6"]
[White "MikaelyanArman"]
[Black "IIIlllII1llIl"]
[Result "0-1"]
[WhiteElo "2706"]
[BlackElo "2595"]
[TimeControl "180+2"]
[EndTime "14:27:12 PST"]
[Termination "IIIlllII1llIl won by resignation"]

1. e4 g6 2. d4 Bg7 3. Nc3 d6 4. Be3 a6 5. Qd2 b5 6. f3 Nd7 7. h4 h5 8. Nh3 Bb7 9. Ng5 e6 10. O-O-O Ngf6 11. Bd3 Qe7 12. Kb1 Nb6 13. e5 Nfd5 14.
Nxd5 Bxd5 15. f4 Nc4 16. Bxc4 bxc4 17. c3 a5 18. Ka1 a4 19. a3 Rb8 20. Rhg1 Rb3 21. Ka2 Kd7 22. Qe2 Rhb8 23. Bc1 Kc8 24. g4 hxg4 25. Rxg4 Qd7 26. Qc2 Bf8 27. Nh7 Be7 28.
Nf6 Bxf6 29. exf6 Qb5 30. h5 gxh5 31. Rg8+ Kb7 32. Rxb8+ Kxb8 33. Rg1 Qb7 34. Rg7 Be4 35.
Qd1 Bf5 36. Rxf7 Qe4 37. Bd2 Bg6 38. Rf8+ Kb7 39. f7 Qf5 40. Qh1+ d5 41. Be3 Bxf7 42.
Qc1 Qh7 43. f5 Qxf5 44. Bf4 Qh7 45. Be5 Bg6 46. Qf4 Bb1+ 47. Ka1 Rxb2 48. Rb8+ Kxb8 49.
Qf8+ Kb7 50. Kxb2 Qc2+ 0-1

[Event "*** Titled Tuesday Blitz"]
[Site "Chess.com"]
[Date "2019.03.05"]
[Round "6"]
[White "kacprekt"]
[Black "Thjop"]
[Result "0-1"]
[WhiteElo "2278"]
[BlackElo "2561"]
[TimeControl "180+2"]
[EndTime "14:27:15 PST"]
[Termination "Thjop won by resignation"]

1. d4 Nf6 2. c4 e6 3. Nf3 d5 4. Nc3 c6 5. Bg5 Nbd7 6. e3 Be7 7. Qc2 O-O 8. Rd1 Qa5 9. a3 dxc4 10. Bxc4 b5 11. Bd3 Bb7 12. e4 h6 13. Bh4 Qb6 14.
O-O a6 15. e5 c5 16. exf6 Nxf6 17. dxc5 Qxc5 18. Be2 Rac8 19. Qb3 g5 20. Bg3 Nh5 21. Nd4 Nxg3 22. hxg3 Bf6 23. Nxe6 fxe6 24. Qxe6+ Kh8 25.
Ne4 Bxe4 26. Qxe4 Rce8 27. Qd3 Bxb2 28. Bh5 Rc8 29. Qb1 Bd4 30. Rd2 Rcd8 31. Re2 Qxa3 32. Qg6 Rf6 33. Re8+ Rxe8 34. Qxe8+ Qf8 35. Qe4 Bxf2+ 36.
Kh1 Bc5 37. Qe5 Be7 38. g4 Qg7 39. Qb8+ Bf8 40. Rxf6 Qxf6 41. Kg1 Kg7 42. Qa7+ Be7 43.
Be8 b4 44. Qb7 a5 45. Ba4 Qd4+ 46. Kh2 Kf6 47. Qc6+ Bd6+ 48. Kh3 Qe3+ 49. Qf3+ Qxf3+ 50. gxf3 Ke5 51. Kg2 Kd4 52. Kf2 Kc3 53. Ke2 b3 54. Kd1 b2 55. Bc2 a4 56. Bb1 a3 57. Ba2 Bf4 58. Bb1 Kb3 59. Bc2+ Ka2 0-1

[Event "*** Titled Tuesday Blitz"]
[Site "Chess.com"]
[Date "2019.03.05"]
[Round "6"]
[White "KRASAVCHIK2002"]
[Black "GrandGlacier"]
[Result "0-1"]
[WhiteElo "2303"]
[BlackElo "2164"]
[TimeControl "180+2"]
[EndTime "14:27:18 PST"]
[Termination "GrandGlacier won by checkmate"]

1. e4 c5 2. Nf3 e6 3. d4 cxd4 4.
Nxd4 Nc6 5. Nc3 Qc7 6. Be3 a6 7. Qd2 Nf6 8. O-O-O Be7 9. Be2 b5 10. Kb1 b4 11. Na4 Nxe4 12. Qd3 d5 13. f3 Nf6 14.
Bf4 Bd6 15. Bxd6 Qxd6 16. Nb6 Ne5 17. Qe3 Qxb6 18. Qxe5 O-O 19. g4 Nd7 20. Qg3 Nc5 21. h4 a5 22. h5 a4 23. g5 b3 24. cxb3 axb3 25. a3 Qb8 26. Qf2 e5 27. Nb5 Bf5+ 28. Ka1 Nd3 29. Bxd3 Bxd3 30. Nc3 e4 31. Nxd5 Qe5 32.
Nc3 Rxa3+ 33. bxa3 b2+ 34. Qxb2 Rb8 35. Nb5 Qc5 36.
Rc1 Qf8 37. a4 Ra8 38. Qb3 Qb8 39. g6 Bxb5 40. Qxf7+ Kh8 41. Qb3 Rxa4+ 42. Kb2 Qe5+ 43. Rc3 exf3 44. Rd1 Be8 45. Rd8 Re4 46. Qb8 Re2+ 47. Kb3 Qe6+ 48. Rc4 f2 49. Qf4 Re3+ 50. Kb4 Qb6# 0-1

[Event "*** Titled Tuesday Blitz"]
[Site "Chess.com"]
[Date "2019.03.05"]
[Round "6"]
[White "FrenchandSlav"]
[Black "SanchezKelvin"]
[Result "1-0"]
[WhiteElo "2291"]
[BlackElo "2488"]
[TimeControl "180+2"]
[EndTime "14:27:19 PST"]
[Termination "FrenchandSlav won by resignation"]

1. d4 Nf6 2. c4 g6 3. Nc3 Bg7 4. e4 d6 5. f3 O-O 6. Be3 Na6 7.
Nge2 c5 8. d5 e6 9. Ng3 exd5 10.
cxd5 Nc7 11. a4 b6 12. Be2 a6 13. O-O Rb8 14. Rb1 Nd7 15. Qd2 h5 16. Rfc1 h4 17.
Nh1 h3 18. g3 Ne5 19. Nf2 f5 20. f4 Ng4 21. Nxg4 fxg4 22. b4 Bd7 23. a5 cxb4 24.
Rxb4 bxa5 25. Rxb8 Qxb8 26. Bd4 Bxd4+ 27. Qxd4 Qb4 28. Qxb4 axb4 29. Na2 b3 30. Nb4 Bb5 31.
Bd1 b2 32. Rb1 a5 33. Na2 Re8 34. Rxb2 Rxe4 35. Nc3 Re1+ 36. Kf2 Rh1 37. Ke3 Bc4 38. Bxg4 Bxd5 39. Bxh3 Rc1 40. Nxd5 Nxd5+ 41. Kd2 Rc5 42. Be6+ Kg7 43. Rb7+ Kf6 44. Bxd5 Rxd5+ 45. Ke3 Rc5 46. g4 g5 47. fxg5+ Kxg5 48. Rg7+ Kf6 49. Ra7 Ke5 50. h4 Rc3+ 51. Kf2 Ra3 52. g5 Kf5 53. Rf7+ Kg6 54. Rf6+ Kh5 55. Rh6+ Kg4 56. g6 Rf3+ 57. Ke2 Rg3 58.
h5 a4 59. g7 Kf5 60. Rg6 1-0

[Event "*** Titled Tuesday Blitz"]
[Site "Chess.com"]
[Date "2019.03.05"]
[Round "6"]
[White "HrvojeZagreb"]
[Black "DACF2905"]
[Result "0-1"]
[WhiteElo "2113"]
[BlackElo "2085"]
[TimeControl "180+2"]
[EndTime "14:27:25 PST"]
[Termination "DACF2905 won by resignation"]

1. d4 Nf6 2. Bf4 e6 3. e3 c5 4.
Nd2 d5 5. c3 Nc6 6. Ngf3 Qb6 7.
Qb3 c4 8. Qc2 Nh5 9. Bg3 Nxg3 10. hxg3 h6 11. g4 g6 12. g5 h5 13. g4 Bg7 14.
gxh5 gxh5 15. O-O-O Bd7 16. e4 O-O-O 17. e5 Ne7 18. Bh3 Qa6 19. Kb1 Ba4 20. b3 cxb3 21. axb3 Bb5 22. Bf1 Kb8 23. Kb2 Bxf1 24. Nxf1 Rc8 25. Ne3 Rc7 26. Qd3 Qb6 27. Nd2 Ng6 28.
Ra1 h4 29. Ra4 h3 30. b4 Nf4 31. Qc2 Ne2 32. Nd1 Nxd4 33. Qd3 Nb5 34. f4 h2 35. Nb3 Qg1 36. Qf3 Rh4 37. Nc5 a6 38. Ne3 Rxf4 39.
Qxf4 Qxh1 40. Ra1 Qxa1+ 41. Kxa1 h1=Q+ 42. Kb2 Nxc3 43. Kxc3 Qa1+ 44. Kb3 Bxe5 45. Qf2 Qc3+ 46. Ka2 a5 47. Qc2 Qxc2+ 48. Nxc2 axb4 49. Nxb4 Rxc5 50.
Kb3 Kc7 51. Nd3 Bd6 52. Nxc5 Bxc5 53. Kc3 Be7 54. Kd4 Bxg5 55. Ke5 Be7 56. Kd4 Kd7 0-1

[Event "*** Titled Tuesday Blitz"]
[Site "Chess.com"]
[Date "2019.03.05"]
[Round "6"]
[White "ahkashefi2800"]
[Black "MatBobula"]
[Result "1-0"]
[WhiteElo "2261"]
[BlackElo "2279"]
[TimeControl "180+2"]
[EndTime "14:27:26 PST"]
[Termination "ahkashefi2800 won by checkmate"]

1. d4 d5 2. Nf3 Nf6 3. Bf4 e6 4. e3 c5 5. c3 Nc6 6. Nbd2 Bd6 7. Bg3 Bxg3 8. hxg3 Qd6 9. Bd3 e5 10. dxe5 Nxe5 11. Nxe5 Qxe5 12. Bb5+ Bd7 13. Bxd7+ Nxd7 14. Rh5 f5 15. Nf3 Qe6 16. Qa4 a6 17. O-O-O b5 18.
Qf4 g6 19. Rh6 Nf6 20. Qc7 Qe7 21. Qc6+ Kf7 22. Rdh1 Kg7 23. Ng5 Ra7 24. Ne6+ Kf7 25. Nf4 Qd7 26. Qxc5 Rc7 27. Qd4 Rc4 28. Qd3 b4 29. Nxg6 hxg6 30. Rxh8 Ke6 31. Rd1 bxc3 32. Qxc4 cxb2+ 33. Kxb2 dxc4 34. Rxd7 Kxd7 35. Ra8 Ne4 36. f3 Nxg3 37. Rxa6 Nf1 38. Rxg6 Nxe3 39. Kc3 f4 40. a4 Kc7 41. a5 Kb7 42. Rg4 Ka6 43. Rg5 Ka7 44.
Kb4 Ka6 45. Rg6+ Kb7 46. a6+ Ka7 47. Kc3 Kb8 48. Rg7 Ka8 49. a7 Nf5 50. Rf7 Ne3 51. Rh7 Nxg2 52. Kxc4 Ne1 53. Kc5 Nd3+ 54. Kb6 Nc5 55.
Rh8# 1-0

[Event "*** Titled Tuesday Blitz"]
[Site "Chess.com"]
[Date "2019.03.05"]
[Round "6"]
[White "The_Lost_Rogainer"]
[Black "tomozupan"]
[Result "0-1"]
[WhiteElo "2104"]
[BlackElo "2221"]
[TimeControl "180+2"]
[EndTime "14:27:30 PST"]
[Termination "tomozupan won by resignation"]

1. d4 Nf6 2. c4 g6 3. Nc3 d5 4. Bg5 Ne4 5. Bh4 Nxc3 6. bxc3 dxc4 7. e3 Bg7 8. Bxc4 O-O 9. Nf3 c6 10. O-O b5 11. Bd3 Nd7 12. a4 Ba6 13. Qb3 bxa4 14. Qd1 Bxd3 15. Qxd3 Nb6 16. c4 c5 17. Ra2 Qd7 18. d5 e6 19. e4 exd5 20. exd5 Qg4 21. Be7 Rfe8 22. Bxc5 Qxc4 23. Qxc4 Nxc4 24. Rxa4 Nb6 25.
Bxb6 axb6 26. Rb4 Ra6 27. Rfb1 Rc8 28. h3 Rd8 29. Rxb6 Rxb6 30. Rxb6 Rxd5 31. Rb8+ Bf8 32.
g4 Kg7 33. Kg2 Bd6 34. Rd8 Rd3 35. Rd7 Rd5 36. Kg1 Kf6 37. Kg2 Ke6 38. Rd8 h5 39. gxh5 Rxh5 40. Nd4+ Ke7 41. Ra8 Bc5 42. Nf3 Rf5 43.
Ra5 Kf6 44. Ra6+ Kg7 45. Rc6 f6 46. Rc7+ Kh6 47. Rc8 g5 48. Rh8+ Kg6 49. Rg8+ Kf7 50. Rb8 Rd5 51. Rb5 Rf5 52. Rb2 Rd5 53. Rc2 Kg6 54.
Nd2 f5 55. Nc4 Bd4 56. Rd2 f4 57. Nb2 Kf5 58. f3 Rd6 59. Nd1 Be5 60. Rxd6 Bxd6 61. Kf2 Bc5+ 62. Ke2 Bb6 63. Kd3 Bg1 64. Kc4 Bb6 65. Kd5 Bg1 66. Nc3 Kg6 67. Ke6 Kh5 68. Kf5 Kh4 69. Ne2 Be3 70. Nc3 Bb6 71. Ne4 Bd8 72.
Nf2 Kg3 73. Ne4+ Kxf3 74. Nxg5+ Bxg5 75. Kxg5 Kg3 76. h4 f3 77. h5 f2 78. h6 f1=Q 79. h7 Qf4+ 80. Kg6 Qf8 81. h8=Q Qxh8 0-1

[Event "*** Titled Tuesday Blitz"]
[Site "Chess.com"]
[Date "2019.03.05"]
[Round "6"]
[White "GelmanAlexander"]
[Black "Blitzstream"]
[Result "0-1"]
[WhiteElo "2587"]
[BlackElo "2579"]
[TimeControl "180+2"]
[EndTime "14:27:34 PST"]
[Termination "Blitzstream won by checkmate"]

1. d4 d5 2. Nc3 Nf6 3. Bf4 Bf5 4. f3 e6 5. g4 Bg6 6. h4 h6 7. e3 c5 8. Nb5 Na6 9. c3 Be7 10. a4 cxd4 11. exd4 O-O 12. Bd3 Ne8 13. Bg3 Bxd3 14. Qxd3 Nac7 15. g5 Nxb5 16. axb5 h5 17. g6 Bd6 18.
Ne2 fxg6 19. Qxg6 Qf6 20. Qxh5 Qxf3 21. Qxf3 Rxf3 22. Rg1 Bxg3+ 23. Rxg3 Rxg3 24. Nxg3 Nd6 25. b6 a6 26. Kd2 Rf8 27. Re1 Rf2+ 28. Kc1 Kf7 29. Ne2 Nc4 30. b3 Nxb6 31. Kd2 Nd7 32. Ke3 Rh2 33. Rf1+ Ke7 34. Rg1 Rh3+ 35. Kd2 Rxh4 36.
Rxg7+ Kd6 37. Nc1 Rh2+ 38. Ke3 Rh3+ 39. Kd2 Nf6 40. Ne2 Ne4+ 41. Kc2 Rh2 42. Kd3 Kc6 43. Re7 Rh3+ 44. Kc2 Rh2 45. Kd3 Ng5 46. Rg7 Rh3+ 47.
Kc2 Ne4 48. Re7 Re3 49. Nf4 Rxc3+ 50. Kb2 Rf3 51. Rxe6+ Kd7 52. Rb6 Rxf4 53. Rxb7+ Kc6 54.
Ra7 Kb6 55. Rd7 Rf2+ 56. Ka3 Nc3 57. Kb4 Rf3 58. Rd6+ Kb7 59. Rd7+ Kc6 60. Rh7 Nb5 61. Rh6+ Nd6 62. Rg6 Rd3 63. Ka5 Rxb3 64. Kxa6 Ra3# 0-1

[Event "*** Titled Tuesday Blitz"]
[Site "Chess.com"]
[Date "2019.03.05"]
[Round "6"]
[White "payto1"]
[Black "LLRChess"]
[Result "0-1"]
[WhiteElo "2217"]
[BlackElo "2341"]
[TimeControl "180+2"]
[EndTime "14:27:35 PST"]
[Termination "LLRChess won by checkmate"]

1. d4 f5 2. g3 Nf6 3. Bg2 g6 4. c3 Bg7 5. Nd2 O-O 6. Qb3+ e6 7. Bxb7 Bxb7 8. Qxb7 Nc6 9. Qb3 Kh8 10. Ngf3 h6 11.
O-O Qe7 12. Nc4 d6 13. Qa4 Nd8 14. Na5 Nf7 15. Qc6 Ne4 16. Nc4 Rab8 17. Ncd2 d5 18. Nxe4 fxe4 19. Nh4 Kh7 20. f3 Rb6 21. Qa4 g5 22. Ng2 c5 23. dxc5 Qxc5+ 24. Be3 Qb5 25. Qxb5 Rxb5 26. Rab1 exf3 27. exf3 Ne5 28. Bd4 Nxf3+ 29.
Kh1 Nd2 30. Rxf8 Bxf8 31. Rd1 Rxb2 32. c4 Rxa2 33. cxd5 exd5 34. Bc3 Ne4 35. Bd4 Bg7 36. Bg1 d4 37. h4 Nxg3+ 38. Kh2 Nf5 39. hxg5 hxg5 40. Kh3 Kg6 41. Rc1 Kh5 42. Rc5 g4+ 43. Kh2 Kg5 44. Kh1 Ra6 45. Rd5 Rh6+ 46. Bh2 Rh3 47.
Kg1 g3 48. Bxg3 Rxg3 49. Kf2 Ra3 50. Rd7 Kg4 51. Rf7 Be5 52. Ne1 Bg3+ 53. Kf1 Ra1 54. Ke2 Rxe1+ 55. Kd3 Re3+ 56. Kd2 Bf4 57. Kd1 Ng3 58.
Rg7+ Kf3 59. Rxa7 Rd3+ 60. Kc2 Rd2+ 61. Kb1 d3 62. Rd7 Rd1+ 63. Kb2 d2 64. Rd3+ Ke2 65. Rxd2+ Rxd2+ 66. Kc1 Kd3 67. Kb1 Kc3 68. Ka1 Kb3 69.
Kb1 Rd1# 0-1